AoeStats
← The Quest

Golden Pit

508535603Analyzed
1v1 RM · 11d ago on Sep 22, 2026· 45m 25s· 2 players
Game mode
Random Map
Map size
Tiny (2 player)
Population
200
Speed
Normal
Resources
Standard
Victory
Conquest
Starting age
Dark Age
Ending age
Imperial Age
RankedLock teamsTeams togetherTeam positionsShared explorationLock speedFull tech treeHidden civsTurbo modeCheats
Victory
Defeat
🇺🇸 Mongols · United States
1039
+19
🇮🇹 Random · Italy
1100
-19
The Quest
6:18 Loom
7:14 Loom
11:02 Feudal Age
14:13 Bloodlines
14:43 Scale Barding Armor
14:49 Forging
17:36 Double-Bit Axe
22:43 Castle Age
23:06 Gold Mining
25:21 Wheelbarrow
24:59 Fletching
27:17 Gold Shaft Mining
29:01 Horse Collar
31:22 Ballistics
36:58 Imperial Age
34:48 Hand Cart
35:45 Chain Barding Armor
39:42 Husbandry
40:05 Bow Saw
41:22 Bodkin Arrow
42:43 Iron Casting
44:24 Heavy Plow
Amarello
0:36 Loom
9:51 Feudal Age
10:46 Double-Bit Axe
17:25 Castle Age
16:25 Horse Collar
18:19 Squires
20:33 Town Watch
22:42 Pikeman
24:50 Fervor
27:05 Arson
28:49 Wheelbarrow
30:31 Hand Cart
30:40 Heavy Plow
30:29 Elite Skirmisher
31:49 Murder Holes
32:40 Fletching
32:51 Padded Archer Armor
37:31 Imperial Age
35:50 Bodkin Arrow
37:20 Ballistics
45:38 Chemistry
Connection lost

Rejoining the realm…

Still unreachable

The connection could not be restored.

Session expired

The server has moved on; the page needs a fresh start.